AoeStats
← SeseRex

Black Forest

507744141Analyzed
3v3 RM · 12d ago on Sep 19, 2026· 42m 21s· 6 players
Game mode
Random Map
Map size
Normal (6 player)
Population
200
Speed
Normal
Resources
Standard
Victory
Conquest
Starting age
Dark Age
Ending age
Imperial Age
RankedLock teamsTeams togetherTeam positionsShared explorationLock speedFull tech treeHidden civsTurbo modeCheats
Victory
Defeat
🇺🇸 Armenians · United States
575
+12
🇮🇹 Franks · Italy
571
+12
🇺🇸 Inca · United States
508
+15
🇺🇸 Japanese · United States
614
-18
🇮🇹 Italians · Italy
436
-11
🇳🇱 Britons · Netherlands
402
-10
AlliedStone149
7:08 Loom
12:52 Feudal Age
14:23 Wheelbarrow
13:37 Town Watch
15:26 Double-Bit Axe
20:17 Forging
20:08 Scale Mail Armor
20:09 Padded Archer Armor
20:00 Fletching
20:19 Horse Collar
21:15 Gold Mining
21:56 Champi Runner
22:22 Arson
26:10 Castle Age
27:57 Thumb Ring
27:16 Elite Skirmisher
29:25 Caravan
29:16 Crossbowman
30:39 Hand Cart
30:32 Andean Sling
35:23 Imperial Age
35:25 Treadmill Crane
35:58 Bodkin Arrow
36:19 Leather Archer Armor
36:21 Chain Mail Armor
36:43 Iron Casting
36:27 Bow Saw
37:42 Conscription
38:29 Champi Warrior
39:11 Squires
41:11 Heavy Plow
41:48 Gold Shaft Mining
41:03 Stone Mining
42:54 Ring Archer Armor
42:25 Bracer
42:56 Plate Mail Armor
Draducken
0:36 Loom
11:24 Feudal Age
12:59 Wheelbarrow
12:13 Double-Bit Axe
18:45 Castle Age
17:33 Man-at-Arms
18:27 Horse Collar
18:45 Arson
19:09 Gold Mining
19:15 Stone Mining
20:44 Bow Saw
21:20 Heavy Plow
24:51 Town Watch
25:15 Long Swordsman
25:41 Gambesons
26:30 Squires
27:15 Pikeman
27:17 Two-Handed Swordsman
34:55 Forging
35:46 Gold Shaft Mining
39:31 Hand Cart
41:06 Champion
SeseRex
14:53 Feudal Age
16:30 Wheelbarrow
17:32 Double-Bit Axe
27:29 Castle Age
26:56 Stone Mining
26:57 Gold Mining
29:00 Caravan
29:18 Hand Cart
29:46 Bow Saw
31:55 Gold Shaft Mining
37:04 Imperial Age
34:33 Pikeman
35:14 Squires
35:00 Arson
36:11 Forging
40:14 Heavy Scorpion
41:35 Halberdier
nefelilatro
0:45 Loom
13:02 Feudal Age
14:04 Double-Bit Axe
14:59 Wheelbarrow
15:40 Horse Collar
22:45 Castle Age
22:54 Gold Mining
24:17 Bow Saw
25:12 Hand Cart
24:43 Town Watch
25:07 Caravan
26:14 Heavy Plow
32:03 Imperial Age
30:29 Gold Shaft Mining
31:27 Ballistics
31:02 Murder Holes
31:18 Fortified Wall
31:38 Town Patrol
34:30 Chemistry
35:23 Siege Engineers
35:22 Squires
36:54 Conscription
37:59 Two-Man Saw
37:37 Husbandry
37:15 Cavalier
38:40 Husbandry
38:18 Pikeman
39:48 Warwolf
39:10 Elite Longbowman
40:59 Padded Archer Armor
40:50 Fletching
41:10 Forging
41:01 Scale Mail Armor
41:06 Scale Barding Armor
Superfede2012
3:35 Loom
10:30 Feudal Age
11:00 Double-Bit Axe
10:59 Horse Collar
13:24 Wheelbarrow
12:36 Town Watch
18:48 Horse Collar
22:44 Gold Mining
25:02 Castle Age
24:20 Stone Mining
27:11 Heavy Plow
27:34 Bow Saw
29:48 Hand Cart
29:34 Town Patrol
37:16 Imperial Age
39:22 Chemistry
39:01 Crop Rotation
38:52 Squires
39:27 Murder Holes
39:43 Masonry
42:48 Husbandry
42:08 Cavalier
zelda699
0:30 Loom
14:18 Feudal Age
14:52 Double-Bit Axe
22:48 Horse Collar
25:37 Castle Age
24:26 Gold Mining
24:42 Stone Mining
28:32 Wheelbarrow
30:17 Bow Saw
32:40 Gold Shaft Mining
33:05 Forging
32:56 Scale Mail Armor
32:58 Heavy Plow
33:53 Wheelbarrow
33:56 Guard Tower
34:17 Fortified Wall
34:28 Ballistics
34:27 Masonry
36:32 Squires
35:54 Man-at-Arms
36:19 Arson
36:51 Long Swordsman
38:32 Iron Casting
38:13 Chain Mail Armor
39:15 Gambesons
Connection lost

Rejoining the realm…

Still unreachable

The connection could not be restored.

Session expired

The server has moved on; the page needs a fresh start.